 Dungeon Crawl Stone Soup version 0.30.0-13-g156ef70053 (webtiles) character file.

Game seed: 4820400685751187487

23340 KingMidas the Bludgeoner (level 13, -10/146 HPs)
             Began as an Ogre Gladiator on May 17, 2023.
             Was an Initiate of Gozag.
             Collided with a rock wall (22 damage)
             ... caused by a rakshasa (illusionary)
             ... on level 15 of the Dungeon.
             The game lasted 00:30:27 (19207 turns).

KingMidas the Bludgeoner (Ogre Gladiator)          Turns: 19207, Time: 00:30:28

Health: -10/146    AC:  8    Str: 25    XL:     13   Next: 6%
Magic:  13/13      EV: 12    Int:  9    God:    Gozag
Gold:   2120       SH:  0    Dex: 16    Spells: 12/12 levels left

rFire   + . .        t - +2 flail (venom)
rCold   + . .        (no shield)
rNeg    . . .        b - +0 robe
rPois   .            k - +1 hat
rElec   .            H - scarf {rC+ rF+}
rCorr   .            (gloves unavailable)
SInv    .            (boots unavailable)
Will    +....        L - amulet of the acrobat
Stlth   +            n - +4 ring of protection
HPRegen 0.44/turn    u - +6 ring of dexterity
MPRegen 0.13/turn

%: acrobat
@: no status effects
A: large, unfitting armour, tough skin 1
a: Renounce Religion, Potion Petition, Call Merchant, Bribe Branch


You were on level 15 of the Dungeon.
You worshipped Gozag.
Gozag was most pleased with you.
You visited 2 branches of the dungeon, and saw 15 of its levels.
You also visited: Ossuary and Bailey.

You collected 3142 gold pieces.
You spent 827 gold pieces at shops.
You paid 195 gold pieces to Gozag.

Inventory:

Hand Weapons
 a - a +0 flail
 g - a +0 giant spiked club
 t - a +2 flail of venom (weapon)
Missiles
 d - 2 throwing nets
 e - 10 large rocks (quivered)
 f - 7 boomerangs
 j - 50 poisoned darts
 J - 3 curare-tipped darts
Armour
 b - a +0 robe (worn)
 k - a +1 hat (worn)
 H - a scarf of resistance (worn)
 I - the +1 cloak of Fortitude {rC+ Int+4 Dex+3}
   (You found it on level 6 of the Dungeon)

   Int:       It affects your intelligence (+4).
   Dex:       It affects your dexterity (+3).
   rC:        It protects you from cold.
Magical Staves
 s - the staff of poison "Recs" {rPois Str+5}
   (You found it on level 2 of the Dungeon)

   [staff of poison]

   Base accuracy: +5 Base damage: 5 Base attack delay: 1.2 This weapon's minimum
   attack delay (0.6) is reached at skill level 12.
   Str:       It affects your strength (+5).
   rPois:     It protects you from poison.
   It falls into the 'Staves' category.
   It is a one-handed weapon.
Jewellery
 n - a +4 ring of protection (left hand)
 u - a +6 ring of dexterity (right hand)
 E - a ring of ice
 K - a +6 ring of intelligence
 L - an amulet of the acrobat (around neck)
 O - a ring of willpower
Wands
 C - a wand of polymorph (5)
 F - a wand of mindburst (11)
 G - a wand of iceblast (10)
 N - a wand of acid (14)
Scrolls
 h - 6 scrolls of vulnerability
 v - 12 scrolls of teleportation
 y - 2 scrolls of amnesia
 D - 6 scrolls of enchant weapon
 P - 2 scrolls of fog
 Q - a scroll of identify
 R - a scroll of poison
Potions
 c - 2 potions of mutation
 i - 2 potions of might
 l - a potion of cancellation
 m - 5 potions of curing
 o - a potion of haste
 p - 7 potions of attraction
 q - a potion of lignification
 r - a potion of resistance
 x - 2 potions of invisibility
 z - a potion of ambrosia {unknown}
 A - 3 potions of flight
 B - 2 potions of brilliance
 M - a potion of heal wounds


   Skills:
 + Level 14.1 Fighting
 * Level 15.6 Maces & Flails
 + Level 6.0 Throwing
 + Level 5.8 Dodging


You had 12 spell levels left.
You didn't know any spells.
Your spell library contained the following spells:

 Spells                   Type           Power      Damage    Failure   Level
 Apportation              Tloc           0%         N/A       38%         1
 Magic Dart               Conj           0%         1d3       38%         1
 Blink                    Tloc           0%         N/A       52%         2
 Call Imp                 Summ           0%         N/A       52%         2
 Lesser Beckoning         Tloc           0%         N/A       52%         2
 Gell's Gravitas          Tloc           0%         N/A       77%         3
 Mephitic Cloud           Conj/Pois/Air  0%         N/A       77%         3
 Teleport Other           Tloc           0%         N/A       77%         3
 Manifold Assault         Tloc           0%         N/A       99%         4
 Alistair's Intoxication  Tmut/Pois      0%         N/A       100%        5
 Storm Form               Tmut/Air       0%         N/A       100%        7


Dungeon Overview and Level Annotations

Branches:
Dungeon (13/15)            Temple (1/1) D:6            Lair (0/5) D:10
    Orc (0/2) D:9         Ossuary (visited)          Bailey (visited)
 Vaults: D:13-14

Altars:
Ashenzari
Cheibriados
Dithmenos
Elyvilon
Fedhas
Gozag
Hepliaklqana
Kikubaaqudgha
Makhleb
Nemelex Xobeh
Okawaru
Qazlal
Ru
Sif Muna
Trog
Uskayaw
Vehumet
Wu Jian
Xom
Yredelemnul
Zin
The Shining One
Lugonu

Shops:
D:3 ?   D:8 [   D:9 *   D:10 [!?   D:11 =   D:12 *

Portals:
Abyss: D:5
Trove: D:13 (give +2 storm dragon scales)

Annotations:
D:2 DIG


Innate Abilities, Weirdness & Mutations

You are too large for most types of armour.
You have tough skin. (AC +1)


Message History

Aim: a rakshasa, wielding a +0 trident and wearing a +0 robe (moderately wounded, 59% to hit)
You throw a throwing net.
The throwing net completely misses the rakshasa.
Unknown command.
Throw: 3 throwing nets
Press: ? - help, Shift-Dir - straight line, f/p - rakshasa
Aim: a rakshasa, wielding a +0 trident and wearing a +0 robe (moderately wounded, 59% to hit)
You throw a throwing net. The throwing net hits the rakshasa.
The rakshasa is caught in the net!
The rakshasa is moderately wounded.
The rakshasa struggles against the net.
You catch the helpless rakshasa completely off-guard!
You sock the rakshasa!
The rakshasa is poisoned.
The rakshasa is heavily wounded.
The rakshasa struggles against the net.
You catch the helpless rakshasa completely off-guard!
You hit the rakshasa.
The rakshasa is heavily wounded.
The rakshasa struggles against the net.
You hit the rakshasa.
The rakshasa is heavily wounded.
The injured rakshasa weaves a defensive illusion!
You miss the rakshasa.
The rakshasa is severely wounded.
The rakshasa hits you from afar with a +0 trident!
* * * LOW HITPOINT WARNING * * *
The rakshasa hits you with a +0 trident!
* * * LOW HITPOINT WARNING * * *
Unknown command.
Okay, then.
You feel much better.
The rakshasa hits you from afar with a +0 trident.
* * * LOW HITPOINT WARNING * * *
The rakshasa gestures at you. The lance of force hits you!!
* * * LOW HITPOINT WARNING * * *
You are knocked back by the lance of force.
You slam into the rock wall!
You die...
Your body crumbles into a pile of gold.

#.##.###### #.##. ..........#
#.... #.# #.....# ####. #.#
#.....# #. #.###.....# #. ####
#.........# #. ##..##
#..####.### #. #..#.R..#####
#.)####.## #.
#.......'..####@.......# #.
###....###.......##.#..########.
##..#####.####.R..........##..
####......# #RR(....####.##..
#.####..###.####..#.##.#...
#....)..............##
##.###.####..#.##.#.# .# #.#
#..# #.#.# .# #.. .... ..#.#


You could see 3 rakshasas.

Vanquished Creatures
  A rakshasa (D:15)
  2 two-headed ogres
  2 boulder beetles (D:11)
  A tengu warrior (D:11)
  5 skeletal warriors
  An orc knight (D:11)
  A manticore (D:13)
  3 ugly things (D:15)
  2 cyclopes
  A moth of wrath (Bailey)
  A gargoyle (D:11)
  A kobold demonologist (D:11)
  2 unseen horrors
  A tengu conjurer (D:15)
  A yaktaur (D:15)
  5 trolls
  A hornet (shapeshifter) (D:11)
  Sigmund (D:2)
  A shadow (D:12)
  2 wraiths (D:11)
  A wyvern (D:8)
  19 yaks
  A warg (D:5)
  2 steam dragons
  4 vampire mosquitoes
  An acid dragon (D:12)
  5 water moccasins
  An ice beast (D:5)
  17 orc warriors
  A black bear (D:10)
  3 ogres
  3 centaurs
  A phantom (D:4)
  3 bullfrogs
  10 kobold brigands
  7 gnoll sergeants
  6 scorpions
  10 wights
  4 howler monkeys
  8 hounds
  3 gnoll boudas
  5 orc priests
  3 jellies
  7 iguanas
  2 sleepcaps (D:4)
  9 orc wizards
  Terence (D:3)
  8 mummies (Ossuary)
  29 gnolls
  8 adders
  A white imp (D:5)
  3 ufetubi
  7 worms
  The ghost of dialectric the Sneak, a weakling DsDe (D:6)
  A dart slug (D:3)
  49 orcs
  10 endoplasms
  3 giant cockroaches
  7 hobgoblins
  11 jackals
  5 quokkas
  5 ball pythons
  5 bats
  2 frilled lizards
  2 gnoll zombies (Ossuary)
  9 goblins
  3 hobgoblin zombies (Ossuary)
  14 kobolds
  A kobold zombie (Ossuary)
  2 orc zombies (Ossuary)
  A quokka zombie (D:4)
  3 rats
  A rat zombie (D:4)
363 creatures vanquished.

Vanquished Creatures (others)
  A human (D:13)
1 creature vanquished.

Grand Total: 364 creatures vanquished

Notes
Turn   | Place    | Note
-------+----------+-------------------------------------------
     0 | D:1      | KingMidas the Ogre Gladiator began the quest for the Orb.
     0 | D:1      | Reached XP level 1. HP: 22/22 MP: 1/1
   109 | D:1      | Reached skill level 3 in Maces & Flails
   150 | D:1      | Reached XP level 2. HP: 22/31 MP: 2/2
   878 | D:2      | Reached XP level 3. HP: 37/37 MP: 3/3
  1198 | D:2      | Reached XP level 4. HP: 45/48 MP: 4/4
  1295 | D:2      | Reached skill level 4 in Maces & Flails
  1397 | D:2      | Noticed Sigmund
  1470 | D:2      | Killed Sigmund
  1471 | D:2      | Reached skill level 5 in Fighting
  1471 | D:2      | Reached skill level 5 in Maces & Flails
  1471 | D:2      | Reached XP level 5. HP: 57/57 MP: 5/5
  1471 | D:2      | Reached XP level 6. HP: 66/66 MP: 6/6
  1700 | D:2      | Found a shimmering blue altar of Sif Muna.
  1823 | D:2      | Identified the staff of poison "Recs" {rPois Str+5}
  1913 | D:3      | Noticed Terence
  2050 | D:3      | Killed Terence
  2631 | D:3      | Found a shimmering altar of Xom.
  2694 | D:3      | Found a shimmering altar of Xom.
  2694 | D:3      | Found a shimmering altar of Xom.
  2695 | D:3      | Found a shimmering altar of Xom.
  2695 | D:3      | Found a shimmering altar of Xom.
  2698 | D:3      | Found a shimmering altar of Xom.
  2698 | D:3      | Found a shimmering altar of Xom.
  2751 | D:3      | Found an iron altar of Okawaru.
  2962 | D:3      | Found Mouhailo's Magic Scroll Shop.
  3160 | D:4      | Reached skill level 6 in Maces & Flails
  3160 | D:4      | Reached XP level 7. HP: 45/75 MP: 7/7
  3174 | D:4      | Found a sand-covered staircase.
  3195 | Ossuary  | Entered an ossuary
  3747 | D:4      | Found a glowing golden altar of the Shining One.
  3748 | D:4      | Found a white marble altar of Elyvilon.
  3749 | D:4      | Found a glowing silver altar of Zin.
  4181 | D:4      | Reached skill level 7 in Maces & Flails
  4328 | D:4      | Reached XP level 8. HP: 78/87 MP: 8/8
  4872 | D:5      | Entered Level 5 of the Dungeon
  5033 | D:5      | Found a hide-covered altar of Uskayaw.
  5137 | D:5      | Reached skill level 8 in Maces & Flails
  5345 | D:5      | Noticed a yak
  5361 | D:5      | Noticed a yak
  5363 | D:5      | Noticed a yak
  5363 | D:5      | Noticed a yak
  5367 | D:5      | Killed a yak
  5375 | D:5      | Killed a yak
  5383 | D:5      | Killed a yak
  5384 | D:5      | Reached skill level 10 in Fighting
  5384 | D:5      | Reached XP level 9. HP: 38/102 MP: 9/9
  5893 | D:5      | Found a large runed translucent door.
  5893 | D:5      | Found a large runed translucent door.
  5895 | D:5      | Found a corrupted altar of Lugonu.
  6530 | D:5      | Found a shimmering blue altar of Sif Muna.
  6820 | D:5      | Found a one-way gate to the infinite horrors of the Abyss.
  7008 | D:6      | Reached skill level 9 in Maces & Flails
  7213 | D:6      | Found a staircase to the Ecumenical Temple.
  7239 | D:6      | Found a burning altar of Makhleb.
  7239 | D:6      | Noticed a blizzard demon
  7242 | D:6      | Noticed an orange demon
  7339 | Temple   | Entered the Ecumenical Temple
  7439 | Temple   | Became a worshipper of Gozag Ym Sagoz the Greedy
  7549 | D:6      | Found a runed translucent gate.
  7549 | D:6      | Found a runed translucent gate.
  7549 | D:6      | Found a runed translucent gate.
  7685 | D:6      | Noticed dialectric's ghost (weakling DsDe)
  7708 | D:6      | Found an ancient bone altar of Kikubaaqudgha.
  8016 | D:6      | Identified the +1 plate armour of Pandemonium {rC++}
  8304 | D:6      | Identified a scroll of acquirement
  8304 | D:6      | Acquired 587 gold pieces
  8317 | D:5      | Reached XP level 10. HP: 58/115 MP: 10/10
  8488 | D:6      | Reached skill level 10 in Maces & Flails
  8515 | D:6      | Identified the +1 cloak of Fortitude {rC+ Int+4 Dex+3}
  8544 | D:6      | Killed dialectric's ghost
  9174 | D:8      | Found Big Hueg's Armour Shop.
  9330 | D:8      | Found a flagged portal.
  9342 | D:8      | Reached skill level 11 in Maces & Flails
  9368 | Bailey   | Entered a bailey
 10139 | Bailey   | Noticed an orc knight
 10148 | Bailey   | an orc knight changed into a moth of wrath
 10148 | Bailey   | Noticed a moth of wrath
 10153 | Bailey   | Killed a moth of wrath
 10159 | Bailey   | Reached skill level 12 in Maces & Flails
 10717 | D:8      | Found a stormy altar of Qazlal.
 11007 | D:9      | Found Ucidikk's Assorted Antiques.
 11016 | D:9      | Bought a potion of heal wounds for 135 gold pieces
 11016 | D:9      | Bought a wand of iceblast (4) for 259 gold pieces
 11016 | D:9      | Bought a twisted ivory wand for 108 gold pieces
 11016 | D:9      | Bought a potion of curing for 81 gold pieces
 11051 | D:9      | Noticed a two-headed ogre
 11233 | D:9      | Found a hazy altar of Hepliaklqana.
 11565 | D:9      | Killed a two-headed ogre
 11566 | D:9      | Reached XP level 11. HP: 51/123 MP: 11/11
 11925 | D:9      | Found a staircase to the Orcish Mines.
 11937 | D:9      | Reached skill level 13 in Maces & Flails
 11992 | D:9      | HP: 8/184 [gnoll sergeant/+3 spear of freezing (8)]
 11994 | D:9      | HP: 3/123 [poisoned by a kobold brigand]
 12357 | D:9      | Found a sacrificial altar of Ru.
 12539 | D:9      | Found a blossoming altar of Fedhas.
 12576 | D:10     | Entered Level 10 of the Dungeon
 12584 | D:10     | Found a shadowy altar of Dithmenos.
 13064 | D:10     | Found Ikhled's Distillery.
 13128 | D:10     | Reached skill level 14 in Maces & Flails
 13217 | D:10     | Found Mionn's Antique Armour Shoppe.
 13362 | D:10     | Found Bipt's Antique Armour Shoppe.
 13500 | D:10     | Found a staircase to the Lair.
 13643 | D:10     | Found Erun Dey's Magic Scroll Emporium.
 13651 | D:10     | Bought a scroll of teleportation for 45 gold pieces
 13651 | D:10     | Bought a scroll of teleportation for 45 gold pieces
 13703 | D:11     | Noticed a boulder beetle
 13714 | D:11     | Killed a boulder beetle
 14059 | D:11     | Noticed an orc knight
 14060 | D:11     | Noticed a boulder beetle
 14064 | D:11     | Noticed a tengu warrior
 14079 | D:11     | Noticed an entropy weaver
 14085 | D:11     | Killed a tengu warrior
 14246 | D:11     | Noticed a two-headed ogre
 14361 | D:11     | Killed a two-headed ogre
 14532 | D:11     | Noticed a cyclops
 14536 | D:11     | Killed a cyclops
 14572 | D:11     | Found Ydaakk's Jewellery Shop.
 14680 | D:11     | Reached XP level 12. HP: 46/133 MP: 12/12
 14811 | D:11     | Paralysed by a hornet for 2 turns
 15042 | D:11     | Killed a boulder beetle
 16242 | D:11     | Reached skill level 15 in Maces & Flails
 16495 | D:12     | Found Efoubod's General Store.
 16503 | D:12     | Bought 3 scrolls of teleportation for 99 gold pieces
 16503 | D:12     | Bought a potion of berserk rage for 55 gold pieces
 17089 | D:12     | Reached skill level 5 in Throwing
 17089 | D:12     | Reached skill level 5 in Dodging
 18531 | D:13     | Found a portal to a secret trove of treasure.
 18532 | D:13     | You fall into a shaft and drop 2 floors!
 18532 | D:15     | Entered Level 15 of the Dungeon
 18794 | D:15     | Reached XP level 13. HP: 117/146 MP: 13/13
 18796 | D:15     | Noticed a rakshasa
 18818 | D:15     | Killed a rakshasa
 19171 | D:15     | Noticed a rakshasa
 19207 | D:15     | Collided with a rock wall

Illustrated notes

Levels and vault maps discovered:
D:1:      shiori_arrival_elements, layout_basic
D:2:      layout_basic, basic_altar, due_unseen_surprise, uniq_sigmund
D:3:      minmay_recursive_quarters, layout_basic, okawaru_ov_weapons_minmay,
          nicolae_xom_altar_mimics, serial_shops, nicolae_shop_rolled_up,
          uniq_terence
D:4:      kennysheep_six_static_rooms, layout_gridville, good_gods_temple_1,
          enter_ossuary_4, minmay_surrounded
D:5:      due_chaos_kobolds, layout_basic, mainiacjoe_overflow_tiny_flanked,
          nicolae_overflow_crystal_walls, st_stairs_5, minmay_quadrilaterals
D:6:      layout_gridville, makhleb_altar_promises_db,
          mainiacjoe_overflow_concentric_impassable, temple_statues,
          biasface_ghost_orc_armoury
D:7:      layout_basic
D:8:      layout_basic, grunt_qazlal_sundering, enter_bailey_3, serial_shops,
          nicolae_shop_tiny_glass
D:9:      layout_gridville, nzn_hepliaklqana_mist_gate,
          nicolae_ru_path_of_blood, fedhas_altar_2,
          kennysheep_orc_monster_closet_entryway, serial_shops,
          nicolae_shop_dealshenge, serial_bayou_pond_a, minmay_strange_pillars
D:10:     layout_rooms, grunt_dithmenos_smoke_and_mirrors,
          due_lair_maze_entry_diamond, serial_shops, nicolae_shop_statue_plus,
          nicolae_shop_tiny_glass, shop, shop, kennysheep_cross_room,
          minivault_24
D:11:     minmay_curly_fans, layout_loops_cross, dreamdust_princess_corridor,
          nicolae_stop_n_shop_1, minmay_variable_closet
D:12:     layout_loops_ring, serial_shops, nicolae_shop_crystal
D:13:     layout_basic, ximxim_vaults_locker_room, enter_trove_1,
          minmay_misc_feat_room, minmay_circle_x, uniq_jorgrun
D:15:     gammafunk_enter_depths_forms, layout_loops_cross,
          nicolae_uskayaw_en_pointe
Temple:   hellmonk_temple_beads

Skill      XL: |  1  2  3  4  5  6  7  8  9 10 11 12 13 |
---------------+----------------------------------------+-----
Maces & Flails | 3 5 6 7 8 9 12 14 15 | 15.6
Fighting       | 3 5 6 7 10 12 14 | 14.1
Dodging        | 3 5 |  5.8
Throwing       | 3 5 6 |  6.0

Action                     |  1- 3 |  4- 6 |  7- 9 | 10-12 | 13-15 || total
---------------------------+-------+-------+-------+-------+-------++-------
  Melee: Flail             |   111 |   187 |   305 |   796 |    30 ||  1429
         Punch             |     2 |     5 |     4 |    13 |     1 ||    25
  Throw: Throwing net      |       |     1 |     2 |       |     2 ||     5
         Boomerang         |       |       |    14 |    22 |       ||    36
         Large rock        |       |       |     5 |     2 |     5 ||    12
         Dart              |       |       |       |     2 |       ||     2
  Evoke: Wand              |       |       |     2 |     3 |       ||     5
    Use: Scroll            |     2 |     2 |    10 |    10 |       ||    24
         Potion            |       |     2 |     2 |     8 |     1 ||    13
   Stab: Sleeping          |     1 |       |       |     5 |       ||     6
         Distracted        |       |       |       |     2 |       ||     2
         Held in net/web   |       |       |       |       |     2 ||     2
 Armour: Robe              |    46 |    92 |   102 |   173 |     2 ||   415
         Skin              |       |    52 |    63 |    46 |       ||   161
  Dodge: Dodged            |    80 |   113 |   174 |   395 |    12 ||   774
